 Dungeon Crawl Stone Soup version 0.17-a0-2069-g0f4ee5b (webtiles) character file.

34535 brucemayne the Severer (level 13, -19/68 HPs)
             Began as a Vine Stalker Berserker on Oct 13, 2015.
             Was an Elder of Trog.
             Killed from afar by a crystal guardian (49 damage)
             ... with a crystal bolt
             ... on level 3 of the Elven Halls.
             The game lasted 00:41:18 (5891 turns).

brucemayne the Severer (Vine Stalker Berserker)     Turns: 5891, Time: 00:41:19

Health: -19/68     AC: 25    Str: 24    XL:     13   Next: 78%
Magic:  0/14       EV:  8    Int: 10    God:    Trog [****..]
Gold:   123        SH:  0    Dex: 18    Spells: 0 memorised, 12 levels left

rFire  . . .     SeeInvis .     H - +3 war axe (venom)
rCold  + . .     Clarity  .     K - +4 plate armour {rN+}
rNeg   + . .     SustAt   .     (no shield)
rPois  +         Gourm    .     l - +0 helmet of the Demon Prince {rPois} (curse)
rElec  .         Spirit   +     A - +0 cloak of the Amoeba {Regen+ Int+3}
rCorr  .         Warding  .     I - +1 pair of gloves "Ruul Xalu" {rC+ MR+}
rMut   .         Stasis   .     u - +1 pair of boots {Stlth+}
MR     ++...                    (no amulet)
Stlth  ..........               (no ring)
                                F - +3 ring of strength

@: very resistant to hostile enchantments, extremely unstealthy
A: fangs 3, regeneration 3, magic shield, antimagic bite, no device heal 3, rot
immunity
a: Burn Spellbooks, Berserk, Trog's Hand, Brothers in Arms, Renounce Religion


You were on level 3 of the Elven Halls.
You worshipped Trog.
Trog was greatly pleased with you.
You were not hungry.

You visited 3 branches of the dungeon, and saw 18 of its levels.
You also visited: Volcano.

You collected 1178 gold pieces.
You spent 1055 gold pieces at shops.

Inventory:

Hand Weapons
 b - a +2 war axe of flaming
 H - a +3 war axe of venom (weapon)
 J - a +5 battleaxe of chopping
Missiles
 x - 8 needles of paralysis
Armour
 l - the cursed +0 helmet of the Demon Prince (worn) {rPois}
   (You bought it in a shop on level 4 of the Orcish Mines)

   It protects you from poison.
   It has a curse placed upon it.
 s - a +0 buckler
 u - a +1 pair of boots of stealth (worn)
 A - the +0 cloak of the Amoeba (worn) {Regen+ Int+3}
   (You bought it in a shop on level 3 of the Elven Halls)

   It affects your intelligence (+3).
   It increases your rate of regeneration.
 I - the +1 pair of gloves "Ruul Xalu" (worn) {rC+ MR+}
   (You bought it in a shop on level 2 of the Orcish Mines)

   It protects you from cold.
   It affects your resistance to hostile enchantments.
 K - a +4 plate armour of positive energy (worn)
Jewellery
 C - a cursed ring of teleportation
 F - a +3 ring of strength (left hand)
Wands
 a - a wand of hasting (8)
 n - a wand of fire (0)
 p - a wand of draining (4)
 w - a wand of disintegration (13)
 y - a wand of digging (14)
 D - a wand of digging (4)
Scrolls
 e - 2 scrolls of remove curse
 i - 2 scrolls of noise
 k - 3 scrolls of blinking
Potions
 f - a potion of experience {unknown}
 g - 3 potions of cure mutation
 h - a potion of agility {unknown}
 m - 2 potions of berserk rage
 q - a potion of brilliance {unknown}
 r - 2 potions of might {unknown}
 t - a potion of beneficial mutation {unknown}
 v - a potion of haste {unknown}
 B - a potion of resistance {unknown}
Comestibles
 c - 3 bread rations
 d - 4 chunks of flesh
 z - 4 meat rations


   Skills:
 - Level 8.2 Fighting
 + Level 16.5 Axes
 - Level 9.4 Armour
 - Level 1.5 Dodging


You had 12 spell levels left.
You didn't know any spells.

Dungeon Overview and Level Annotations

Branches:
Dungeon (11/15)               Orc (4/4) D:10            Elf (3/3) Orc:3
 Temple: D:4-7         Lair: D:8-11

Altars:
Ashenzari
Cheibriados
Makhleb
Nemelex Xobeh
Vehumet
Yredelemnul
Beogh

Shops:
Orc:2 [   Orc:4 [(*=   Elf:3 *

Annotations:
D:4 Dowan
D:9 Erica
Orc:1 Fannar
Orc:4 Snorg


Innate Abilities, Weirdness & Mutations

You have razor-sharp teeth.
You regenerate.
When hurt, damage is shared between your health and your magic reserves.
Your bite disrupts and absorbs the magic of your enemies.
Potions and wands cannot restore your health.
You are immune to rotting.


Message History

A crystal guardian comes into view.
You see here a scimitar.
You see here a scimitar.
The crystal guardian fires a crystalline bolt at you.
The crystal bolt misses you.
A deep elf demonologist comes into view.
It is wielding a long sword.
The deep elf demonologist shouts!
The deep elf demonologist casts a spell.
Evoke which item? (* to show all) (? for menu, Esc to quit)
Zapping:
D - a wand of digging {zapped: 3} (will waste charges)
Press: ? - help, Shift-Dir - straight line The rock shatters into small pieces.
Evoking this partially-identified wand wasted a few charges.
The deep elf demonologist casts a spell.
The crystal guardian fires a crystalline bolt at you.
The crystal bolt burns you!
Ouch! That really hurt!
The crystal bolt burns you!
Ouch! That really hurt!
You die...

####+# +#....#
## ##.....##
#.# ##.......+#
#.#
#.........###
#.#
#.........'..
#.#
#.........###
#.##
##.......##
#@#####......##
##....44e...##
##.#########
#8# #.# ##.#
##..# ##.#)#
#)##.#


You could see a crystal guardian, a deep elf demonologist, a hellwing and a blue
devil.

Vanquished Creatures
  Maud (Orc:3)
  A deep elf sorcerer (Elf:3)
  2 deep elf annihilators (Elf:3)
  A deep elf demonologist (Elf:3)
  2 crystal guardians (Elf:3)
  A deep elf high priest (Elf:3)
  3 orc high priests (Orc:4)
  4 deep elf knights
  7 deep elf conjurers
  3 orc knights (Orc:4)
  A cyclops (D:10)
  A manticore (Volcano)
  2 orc sorcerers (Orc:4)
  A small abomination (Elf:3)
  2 deep elf priests
  2 fire drakes (Volcano)
  3 trolls
  10 yaks (D:11)
  9 deep elf magi
  4 fire bats (Volcano)
  10 deep elf fighters
  Menkaure (D:7)
  A mottled dragon (Volcano)
  2 wargs
  2 ice beasts (D:5)
  A hell hound (Volcano)
  32 orc warriors
  A sky beast (D:10)
  A wasp (D:9)
  11 ogres
  A phantom (D:7)
  Blork the orc (D:6)
  2 giant frogs (D:10)
  A killer bee (D:8)
  The ghost of 4thArraOfDagon the Chopper, a weakling MiGl (D:3)
  3 electric eels (D:10)
  A centaur zombie (D:6)
  2 crimson imps
  2 hounds
  Crazy Yiuf (D:5)
  18 orc priests
  A giant frog zombie (D:10)
  21 orc wizards
  2 worker ants
  A worker ant zombie (D:7)
  A shadow imp (D:10)
  6 adders
  2 adder skeletons
  5 giant geckos
  116 orcs
  5 giant cockroaches
  A hobgoblin (D:1)
  8 jackals
  3 quokkas
  A ball python (D:1)
  A bat (D:3)
  6 giant newts
  2 goblins
  10 rats
  A crawling corpse (Elf:1)
348 creatures vanquished.

Vanquished Creatures (collateral kills)
  Saint Roka (Orc:4)
  A crystal guardian (Elf:3)
  A small abomination (Elf:1)
  A deep elf knight (Elf:1)
  A deep elf priest (Elf:1)
  A deep elf mage (Elf:1)
  A deep elf fighter (Elf:1)
  An orc wizard (Orc:4)
  2 orcs (Orc:4)
  A crawling corpse (Elf:1)
11 creatures vanquished.

Vanquished Creatures (others)
  2 deep elf fighters (Elf:3)
  An orc (Orc:2)
3 creatures vanquished.

Grand Total: 362 creatures vanquished

Notes
Turn   | Place    | Note
--------------------------------------------------------------
     0 | D:1      | brucemayne the Vine Stalker Berserker began the quest for the Orb.
     0 | D:1      | Reached XP level 1. HP: 11/11 MP: 2/2
    40 | D:1      | Reached skill level 3 in Axes
    81 | D:1      | Reached XP level 2. HP: 13/16 MP: 3/3
   278 | D:2      | Reached ** piety under Trog
   278 | D:2      | Reached XP level 3. HP: 16/19 MP: 4/4
   358 | D:3      | Noticed 4thArraOfDagon's ghost (weakling MiGl)
   367 | D:3      | Killed 4thArraOfDagon's ghost
   367 | D:3      | Reached skill level 4 in Axes
   367 | D:3      | Reached XP level 4. HP: 6/23 MP: 5/5
   438 | D:2      | Found a sparkling altar of Nemelex Xobeh.
   438 | D:2      | Found a basalt altar of Yredelemnul.
   441 | D:2      | Found a shattered altar of Ashenzari.
   628 | D:5      | Entered Level 5 of the Dungeon
   648 | D:5      | Reached skill level 5 in Axes
   648 | D:5      | Reached XP level 5. HP: 22/27 MP: 6/6
   661 | D:5      | Noticed an ice beast
   674 | D:5      | Killed an ice beast
   711 | D:5      | Noticed an ogre
   720 | D:5      | Killed an ogre
   720 | D:5      | Reached skill level 6 in Axes
   720 | D:5      | Gained mutation: You heal very quickly. [Vine Stalker growth]
   720 | D:5      | Reached XP level 6. HP: 32/32 MP: 7/7
   764 | D:4      | Noticed Dowan
   788 | D:5      | Noticed an ice beast
   803 | D:5      | Killed an ice beast
   907 | D:5      | Noticed Crazy Yiuf
   924 | D:5      | Killed Crazy Yiuf
  1028 | D:6      | Reached skill level 7 in Axes
  1028 | D:6      | Reached XP level 7. HP: 35/35 MP: 8/8
  1143 | D:6      | Found a burning altar of Makhleb.
  1167 | D:6      | Found a snail-covered altar of Cheibriados.
  1178 | D:6      | Noticed Blork the orc
  1190 | D:6      | Killed Blork the orc
  1230 | D:7      | Noticed Menkaure
  1242 | D:7      | Killed Menkaure
  1242 | D:7      | Reached skill level 8 in Axes
  1288 | D:7      | Gained mutation: You have razor-sharp teeth. [Vine Stalker growth]
  1288 | D:7      | Reached XP level 8. HP: 36/39 MP: 9/9
  1441 | D:7      | You fall through a shaft for 2 floors!
  1674 | D:10     | Entered Level 10 of the Dungeon
  1699 | D:10     | Reached skill level 9 in Axes
  1708 | D:10     | Reached *** piety under Trog
  1745 | D:11     | Noticed a troll
  1750 | D:11     | Killed a troll
  1812 | D:10     | Noticed a cyclops
  1831 | D:9      | Paralysed by a wasp for 1 turns
  1834 | D:9      | Reached skill level 10 in Axes
  1899 | D:10     | HP: 1/39 [cyclops/large rock (24)]
  1939 | D:10     | Reached XP level 9. HP: 28/43 MP: 8/10
  1954 | D:10     | Killed a cyclops
  1954 | D:10     | Reached skill level 11 in Axes
  2090 | D:11     | Reached skill level 12 in Axes
  2117 | D:11     | Reached XP level 10. HP: 24/47 MP: 6/11
  2249 | D:9      | Noticed Erica
  2449 | D:10     | Reached **** piety under Trog
  2593 | D:10     | Found a staircase to the Orcish Mines.
  2602 | Orc:1    | Entered Level 1 of the Orcish Mines
  2644 | Orc:1    | Noticed Fannar
  2750 | Orc:1    | Found a roughly hewn altar of Beogh.
  2949 | Orc:1    | Found a dark tunnel.
  2963 | Volcano  | Entered a volcano
  3009 | Volcano  | Reached skill level 13 in Axes
  3018 | Volcano  | Reached skill level 5 in Armour
  3041 | Volcano  | Noticed a manticore
  3048 | Volcano  | Killed a manticore
  3130 | Volcano  | Reached XP level 11. HP: 42/51 MP: 12/12
  3223 | Orc:2    | Found a roughly hewn altar of Beogh.
  3270 | Orc:2    | Reached ***** piety under Trog
  3319 | Orc:2    | Reached skill level 14 in Axes
  3459 | Orc:4    | Entered Level 4 of the Orcish Mines
  3617 | Orc:4    | Noticed an orc high priest
  3618 | Orc:3    | Found a staircase to the Elven Halls.
  3618 | Orc:3    | Noticed Maud
  3633 | Orc:3    | HP: 2/51 [Maud/vampiric demon trident (20)]
  3717 | Orc:2    | Found Xuorph's Antique Armour Shop.
  3814 | Orc:4    | Noticed an orc high priest
  3849 | Orc:4    | Received a gift from Trog
  3863 | Orc:4    | Killed an orc high priest
  4011 | Orc:4    | Noticed an orc knight
  4013 | Orc:4    | Noticed an orc high priest
  4037 | Orc:4    | Killed an orc knight
  4043 | Orc:4    | Killed an orc high priest
  4043 | Orc:4    | Reached skill level 15 in Axes
  4147 | Orc:4    | Noticed Saint Roka
  4166 | Orc:4    | Killed Saint Roka
  4166 | Orc:4    | Gained mutation: You regenerate. [Vine Stalker growth]
  4166 | Orc:4    | Reached XP level 12. HP: 51/56 MP: 13/13
  4229 | Orc:4    | Found a roughly hewn altar of Beogh.
  4230 | Orc:4    | Noticed an orc knight
  4243 | Orc:4    | Reached skill level 16 in Axes
  4274 | Orc:4    | Killed an orc knight
  4317 | Orc:4    | Noticed an orc knight
  4355 | Orc:4    | Killed an orc knight
  4399 | Orc:4    | Found Fudunaow's Antique Weapon Emporium.
  4458 | Orc:4    | Found Tebokew's Antique Armour Emporium.
  4471 | Orc:4    | Bought a warped helmet for 237 gold pieces
  4476 | Orc:4    | Identified the cursed +0 helmet of the Demon Prince {rPois} (You bought it in a shop on level 4 of the Orcish Mines)
  4476 | Orc:4    | Bought a pair of embroidered boots for 112 gold pieces
  4491 | Orc:4    | Found Quxivais's General Store.
  4506 | Orc:4    | Found Taisirch's Jewellery Emporium.
  4513 | Orc:4    | Bought a cursed ring of teleportation for 174 gold pieces
  4534 | Orc:4    | Noticed Snorg
  4553 | Orc:4    | Killed an orc high priest
  4816 | Orc:2    | Bought a pair of heavily runed gloves for 266 gold pieces
  4826 | Orc:2    | Identified the +1 pair of gloves "Ruul Xalu" {rC+ MR+} (You bought it in a shop on level 2 of the Orcish Mines)
  4872 | Orc:3    | Received a gift from Trog
  4917 | Orc:3    | Killed Maud
  4917 | Orc:3    | Reached skill level 5 in Fighting
  5024 | Elf:1    | Entered Level 1 of the Elven Halls
  5051 | Elf:1    | Found a radiant altar of Vehumet.
  5291 | Elf:2    | Reached XP level 13. HP: 54/66 MP: 12/14
  5355 | Elf:2    | Received a gift from Trog
  5366 | Elf:3    | Entered Level 3 of the Elven Halls
  5568 | Elf:3    | Found Ikiebb's Assorted Antiques.
  5577 | Elf:3    | Bought a scorched cloak for 266 gold pieces
  5587 | Elf:3    | Identified the +0 cloak of the Amoeba {Regen+ Int+3} (You bought it in a shop on level 3 of the Elven Halls)
  5611 | Elf:3    | Noticed a crystal guardian
  5611 | Elf:3    | Noticed a crystal guardian
  5652 | Elf:3    | Killed a crystal guardian
  5654 | Elf:3    | Killed a crystal guardian
  5695 | Elf:3    | Noticed a crystal guardian
  5715 | Elf:3    | Killed a crystal guardian
  5780 | Elf:3    | Noticed a deep elf sorcerer
  5780 | Elf:3    | Noticed a deep elf annihilator
  5780 | Elf:3    | Noticed a deep elf demonologist
  5812 | Elf:3    | Killed a deep elf annihilator
  5815 | Elf:3    | Killed a deep elf sorcerer
  5835 | Elf:3    | Killed a deep elf demonologist
  5846 | Elf:3    | Noticed a deep elf annihilator
  5872 | Elf:3    | Killed a deep elf annihilator
  5881 | Elf:3    | Noticed a crystal guardian
  5888 | Elf:3    | Noticed a deep elf demonologist
  5891 | Elf:3    | Killed from afar by a crystal guardian

Vault maps used:
D:1:      onia_arrival_larder
D:2:      nicolae_overflow_hidden_temple
D:3:      ecumenical_altar_1
D:4:      uniq_duvessa
D:5:      first_bread, st_stairs_10, water_boxes_lemuel, uniq_crazy_yiuf_cottage
D:6:      lemuel_coloured_pillars_altar, temple_green, basic_altar,
          uniq_blork_the_orc
D:7:      uniq_menkaure
D:8:      grunt_qazlal_clouds, grunt_lair_entry_elf_guard_hut, serial_shops,
          nicolae_shop_behind_doors, uniq_grum, uniq_joseph, uniq_erolcha,
          uniq_psyche, uniq_maurice
D:9:      kennysheep_mini_moat, serial_shops, shop, uniq_erica
D:10:     erik_orc_2
D:11:     boulder_indie, hangedman_tree_tricks, hangedman_decor_clover_reticule,
          uniq_nergalle
Orc:1:    lightli_volcano_entry_magma_tube, mines1_david, uniq_fannar
Orc:2:    basic_altar, serial_shops, shop
Orc:3:    nicolae_orc_pool_cavern, uniq_maud
Orc:4:    grunt_orc_cross, serial_shops, shop, uniq_snorg
Elf:1:    eino_elf_arrival_altar, minmay_elf_necromancy
Elf:2:    corexii_leaking_fountain
Elf:3:    minmay_elf_hall_golems, serial_shops, shop,
          nicolae_trove_entry_path_of_doom, hangedman_elf_represent, uniq_donald
Volcano:  volcano_pools

Action                   |  1- 3 |  4- 6 |  7- 9 | 10-12 | 13-15 || total
-------------------------+-------+-------+-------+-------+-------++-------
Melee: Hand axe          |    83 |    41 |       |       |       ||   124
       War axe           |       |    13 |   143 |   536 |    99 ||   791
       Battleaxe         |       |       |       |       |    11 ||    11
Invok: Berserk           |     1 |     3 |     4 |     8 |     2 ||    18
       Trog's Hand       |       |       |     4 |    16 |     6 ||    26
       Brothers in Arms  |       |       |       |     5 |     1 ||     6
Evoke: Wand              |       |     1 |       |     5 |     3 ||     9
  Use: Scroll            |       |     4 |       |    10 |     2 ||    16
       Potion            |       |       |     1 |     1 |       ||     2
 Stab: Sleeping          |     4 |       |       |       |       ||     4
       Distracted        |       |       |       |     1 |     1 ||     2
  Eat: Chunk             |       |     3 |     6 |    19 |     4 ||    32
       Beef jerky        |       |     1 |       |       |     1 ||     2
       Fruit             |       |       |     3 |       |       ||     3
       Pizza             |       |       |       |     2 |       ||     2
